Map: Crête de Lerilak

Players

NoSiema

  • Race: Terran Terran
  • League: Diamond

Worming - Winner!

  • Race: Zerg Zerg
  • League: Diamond

VOD

Have the link to the VOD?

Description

Time

  • Played on: Dec. 17, 2015, 12:37 p.m.
  • Length: 19:41
Show
View Real Time Build Order
Export as new Build Order

NoSiema Terran 

Build Orders: Command Center First (CC), MMM Bio 

Get SALT Encoding   

  12  0:01  SCV  
  13  0:13  SCV  
  14  0:17  Supply Depot  
  14  0:25  SCV  
  15  0:39  SCV  
  16  0:51  SCV  
  17  1:05  SCV  
  17  1:06  Command Center  
  18  1:14  Barracks  
  18  1:20  SCV  
  18  1:22  Refinery  
  19  1:32  SCV  
  20  1:44  SCV  
  20  1:45  Barracks  
  21  1:56  SCV  
  22  2:06  Bunker  
  22  2:08  Marine  
  23  2:10  Orbital Command  
  23  2:18  Barracks  
  23  2:27  Orbital Command  
  24  2:37  SCV  
  24  2:44  Barracks Tech Lab  
  24  2:45  Marine  
  24  2:46  Refinery  
  24  2:50  SCV  
  26  2:55  SCV  
  26  2:57  Supply Depot  
  27  3:03  Marine  
  27  3:04  Marine  
  27  3:05  Marine  
  29  3:07  Stimpack  
  29  3:10  SCV  
  29  3:12  SCV  
  32  3:28  SCV  
  32  3:29  SCV  
  32  3:30  Marine x3  
  37  3:35  Factory  
  37  3:40  SCV  
  37  3:41  SCV  
  39  3:42  Supply Depot  
  39  3:50  Barracks Reactor  
  39  3:53  SCV x2  
  39  3:54  Barracks Tech Lab  
  39  3:55  Refinery, Marine  
  42  4:04  Supply Depot  
  42  4:05  SCV x2  
  44  4:11  Combat Shields  
  44  4:17  Marine x2, SCV x2  
  44  4:19  Starport  
  44  4:20  Factory Reactor  
  48  4:28  Supply Depot  
  48  4:29  SCV x2  
  48  4:31  Marine x2  
  50  4:35  Marine x2  
  54  4:41  SCV x2  
  56  4:45  Supply Depot  
  56  4:53  SCV x2  
  56  4:55  Marine  
  56  4:56  Marine  
  59  5:08  SCV x2  
  59  5:09  Marine x2  
  59  5:13  Marine  
  64  5:16  Factory Reactor, Marine  
  64  5:18  Medivac x2  
  69  5:25  SCV x2  
  71  5:29  Marine x2  
  71  5:31  Marine  
  74  5:39  Marine  
  74  5:42  SCV x2  
  77  5:47  Marine  
  78  5:52  Supply Depot  
  78  6:01  Refinery  
  78  6:03  Marine x2  
  78  6:04  SCV x2  
  82  6:05  Medivac x2, Supply Depot x2  
  82  6:07  Marine x2  
  88  6:12  Command Center  
  88  6:21  Marine  
  89  6:33  Marine  
  89  6:34  Widow Mine x2, Marine x2  
  89  6:36  SCV x2  
  89  6:39  Marine  
  99  6:40  Barracks  
  99  6:42  Barracks  
  84  6:51  Marine  
  84  6:52  Marauder, Marine  
  83  6:57  Marine  
  84  7:02  Medivac x2, Widow Mine, SCV  
  84  7:03  SCV  
  92  7:09  Marine  
  92  7:10  Marauder  
  90  7:31  Marine  
  90  7:32  Marauder, Marine x2  
  90  7:34  Barracks Reactor x2  
  90  7:37  Widow Mine x2, Medivac x2  
  95  7:42  Barracks  
  95  7:43  Barracks  
  95  7:44  Barracks  
  99  7:49  Marine  
  99  7:50  Marauder  
  102  7:57  Marine  
  102  7:58  Marine  
  93  8:07  Marine  
  93  8:11  Marine  
  95  8:14  Marine  
  95  8:15  Marine x4  
  95  8:16  Marauder, SCV x2  
  104  8:25  Marine  
  103  8:28  SCV  
  103  8:29  Marauder  
  104  8:34  Marine x5  
  104  8:36  Barracks Reactor  
  104  8:37  Barracks Reactor x2, Marauder  
  111  8:51  Marine x2  
  111  8:52  Widow Mine x2, Marine x3  
  120  8:56  Liberator  
  120  8:59  Marauder, Marine x2  
  120  9:01  Liberator  
  124  9:09  Marine  
  126  9:10  Marauder  
  126  9:12  Marine x3  
  126  9:14  Marine x2  
  126  9:17  Marine  
  133  9:18  Engineering Bay, Marine  
  133  9:20  Marauder  
  133  9:22  Engineering Bay  
  139  9:30  Marine x6  
  147  9:31  Marauder  
  141  9:50  Marine x9  
  141  9:51  Marauder, Marine x2  
  146  9:52  Marauder  
  146  10:19  Marine x3  
  149  10:23  Liberator  
  149  10:24  Marine x6  
  149  10:25  Orbital Command, Terran Infantry Weapons Level 1, Marauder x2, Terran Infantry Armor Level 1, Marine x2  
  149  10:26  Liberator  
  149  10:28  Refinery x2  
  158  10:39  Marine x4  
  163  10:48  Marine x2  
  163  10:49  Marine  
  165  11:11  Marine  
  165  11:14  Marine  
  165  11:15  Marauder, Marine x2  
  165  11:16  Marine  
  165  11:18  Marine x2  
  165  11:19  Marine  
  165  11:21  Marine  
  165  11:22  Marine  
  165  11:25  Marine  
  165  11:27  Marine  
  165  11:28  Marauder  
  165  11:32  Marine  
  165  11:39  Marauder  
  164  11:58  Marine  
  165  12:16  Marine x2  
  165  12:18  Marauder  
  165  12:20  Marine x2  
  165  12:22  Marine  
  165  12:25  Liberator x2, Marine  
  165  12:26  Marine  
  165  12:27  Marine  
  165  12:28  Marine  
  165  12:41  Widow Mine x2, Marine  
  165  12:42  Factory, Marine  
  163  12:53  Factory x2  
  160  13:16  Liberator x2  
  158  13:21  Widow Mine, Marauder x2  
  158  13:26  Widow Mine  
  159  13:34  Factory Tech Lab  
  159  13:36  Factory Tech Lab x2  
  153  13:42  Missile Turret, Marauder  
  153  13:46  Missile Turret  
  153  13:47  Refinery  
  112  14:15  Armory  
  112  14:16  SCV x3  
  115  14:22  Command Center  
  115  14:23  Marauder x2  
  119  14:28  SCV  
  116  14:44  Marauder  
  118  14:46  Command Center  
  115  15:18  Thor x3  
  115  15:19  Marine x7  
  115  15:20  Marauder x2, Marine x2  
  115  15:21  Widow Mine x2, Marine x3  
  147  15:27  Terran Infantry Weapons Level 2, Terran Infantry Armor Level 2  
  151  15:37  Marine  
  151  15:39  Marine x4  
  151  15:40  Marine  
  151  15:41  Marauder  
  151  15:42  Marauder  
  161  15:43  Marine x2  
  161  15:44  Marine  
  161  15:45  Marine  
  161  15:46  Marine  
  166  15:50  Widow Mine  
  168  16:01  Medivac x2  
  108  16:30  Marine  
  108  16:31  Marine x9  
  108  16:32  Marine x3, Marauder  
  104  16:47  Thor  
  104  16:48  Marine  
  104  16:49  Marine x5  
  104  16:50  Marauder  
  104  16:53  Marauder  
  118  17:03  Marine  
  118  17:04  Marine x3  
  121  17:11  Marauder  
  120  17:34  Orbital Command  
  78  18:11  Marine  
  78  18:12  Marine x7  
  79  18:33  Marauder x2  
  78  18:35  Orbital Command  
  74  18:49  Thor  
Show
View Real Time Build Order
Export as new Build Order

Worming Zerg - Winner!

Build Orders: Hatch First 

Get SALT Encoding   

  12  0:01  Drone  
  13  0:12  Overlord  
  13  0:17  Drone  
  14  0:30  Drone x2  
  16  0:48  Hatchery  
  15  0:51  Drone  
  16  1:06  Spawning Pool  
  16  1:10  Drone  
  16  1:12  Drone  
  16  1:16  Drone  
  18  1:24  Drone  
  19  1:32  Drone  
  20  1:39  Extractor  
  19  1:43  Drone  
  20  1:52  Queen  
  22  1:54  Overlord  
  22  2:04  Queen  
  22  2:05  Zergling x4  
  26  2:22  Drone x3  
  29  2:28  Queen  
  29  2:29  Drone  
  32  2:35  Overlord  
  32  2:39  Metabolic Boost  
  32  2:49  Drone x3  
  35  3:03  Hatchery  
  34  3:05  Drone x2  
  34  3:06  Drone  
  35  3:33  Extractor  
  35  3:34  Drone x7  
  41  3:41  Drone x2  
  43  3:43  Overlord x2  
  43  3:53  Extractor  
  42  3:57  Lair, Evolution Chamber x2  
  42  4:00  Queen  
  42  4:04  Zergling x8  
  46  4:21  Drone x3  
  49  4:26  Zerg Melee Weapons Level 1  
  49  4:27  Baneling Nest  
  48  4:32  Drone x6  
  54  4:44  Overlord x2  
  54  4:46  Zerg Ground Armor Level 1  
  54  4:49  Extractor  
  54  4:52  Drone x4  
  57  5:06  Zergling x10  
  59  5:20  Centrifical Hooks  
  59  5:22  Infestation Pit  
  58  5:38  Extractor  
  58  5:39  Drone x2  
  58  5:40  Drone, Extractor  
  58  5:41  Drone x3, Overlord x2  
  58  5:42  Overlord  
  62  5:43  Drone x4  
  66  5:58  Pathogen Glands  
  66  5:59  Hive  
  66  6:03  Zergling x16  
  73  6:13  Zergling x10  
  75  6:20  Baneling x2  
  75  6:25  Baneling x12  
  41  6:49  Drone x7  
  41  6:50  Drone x7  
  54  6:58  Zerg Melee Weapons Level 2  
  54  7:08  Zerg Ground Armor Level 2  
  54  7:12  Zergling x8  
  58  7:24  Zergling x14  
  64  7:31  Queen  
  66  7:40  Ultralisk Cavern  
  64  7:51  Spore Crawler  
  64  7:56  Zergling x2  
  64  7:57  Zergling x22  
  65  8:07  Queen  
  65  8:14  Spine Crawler  
  64  8:26  Baneling  
  59  8:28  Baneling x3  
  59  8:30  Chitinous Plating  
  59  8:32  Drone x3  
  61  8:35  Drone x3, Extractor  
  61  8:36  Queen  
  66  8:41  Zergling x10  
  66  8:45  Overseer  
  66  8:47  Ultralisk  
  76  8:59  Ultralisk  
  79  9:10  Hatchery  
  77  9:20  Ultralisk  
  78  9:24  Overseer  
  78  9:25  Overlord  
  72  9:54  Zergling x2, Ultralisk  
  72  9:55  Zergling x14  
  86  10:00  Queen  
  87  10:12  Zergling x2, Ultralisk  
  87  10:13  Zergling x6  
  90  10:49  Zerg Ground Armor Level 3, Zerg Melee Weapons Level 3  
  87  10:58  Spore Crawler  
  87  11:03  Spore Crawler  
  86  11:10  Zergling x2, Ultralisk  
  86  11:11  Zergling x20  
  102  11:31  Spore Crawler  
  101  11:37  Spire  
  100  11:40  Drone x5  
  100  11:42  Extractor  
  100  11:44  Extractor  
  97  11:51  Drone x2  
  99  12:01  Baneling x2  
  99  12:10  Overlord  
  99  12:11  Overlord x2  
  98  12:23  Overlord x3  
  88  12:33  Infestor x2  
  91  12:37  Hatchery  
  90  12:50  Corruptor x6  
  102  13:02  Corruptor  
  102  13:03  Corruptor  
  104  13:36  Zerg Flyer Weapons Level 1  
  104  13:38  Drone x6  
  104  13:40  Ultralisk x2  
  112  13:52  Overseer, Pneumatized Carapace  
  112  13:54  Overseer  
  106  14:09  Ultralisk x2  
  106  14:12  Queen  
  106  14:16  Drone x2  
  106  14:17  Drone  
  111  14:42  Drone  
  111  14:43  Drone x5  
  117  14:57  Zergling x2  
  118  15:00  Hatchery  
  118  15:04  Infestor x2  
  118  15:05  Infestor x2  
  125  15:41  Overlord x5  
  125  15:42  Overlord  
  125  15:43  Zerg Missile Weapons Level 1  
  125  15:44  Corruptor, Greater Spire  
  125  15:45  Corruptor, Ultralisk  
  135  15:52  Overlord  
  135  16:02  Zergling x8  
  133  16:22  Hydralisk Den  
  120  16:25  Extractor  
  120  16:27  Extractor  
  120  16:29  Zergling x2, Ultralisk x2  
  120  16:30  Zergling x16  
  133  16:41  Zergling x2  
  133  16:42  Zergling x22  
  143  17:01  Overseer  
  143  17:04  Hatchery  
  142  17:14  Zerg Flyer Armor Level 1  
  142  17:19  Hatchery  
  140  17:27  Lurker Den  
  135  17:39  Baneling x9  
  108  18:24  Hydralisk  
  108  18:25  Hydralisk x2  
  108  18:26  Zergling x2, Ultralisk x3  
  108  18:27  Zergling x14  
  133  18:33  Extractor  
  133  18:37  Drone x2  
  133  18:38  Drone x2  
  135  18:43  Zergling x16  
  135  18:44  Zergling x10  
  138  19:20  Zergling x20  
Tags
 
Add a new tag
Caveats
  • Supply blocks, unpowered buildings, or Contaminate may cause inaccurate times.
  • Supply counts are checked every 10 seconds.